 Dungeon Sprint DCSS version 0.19.1 (webtiles) character file.

23232 equalderp2856 the Eviscerator (level 12, -3/58 HPs)
             Began as a Felid Fighter on Dec 20, 2016.
             Was the Champion of Fedhas.
             Killed from afar by Aizul (34 damage)
             ... with a bolt of poison
             ... in the Dungeon (Sprint IX: "|||||||||||||||||||||||||||||").
             The game lasted 00:22:11 (10508 turns).

equalderp2856 the Eviscerator (Felid Fighter)      Turns: 10508, Time: 00:22:14

Health: -3/58      AC:  3    Str: 14    XL:     12   Next: 70%
Magic:  15/19      EV: 34    Int: 17    God:    Fedhas [******]
Gold:   624        SH:  0    Dex: 17    Spells: 5 memorised, 11 levels left
                                        Lives:  0   Deaths: 3

rFire  . . .     SeeInvis +       - Unarmed
rCold  + . .     Gourm    .     (armour unavailable)
rNeg   . . .     Faith    .     (shield unavailable)
rPois  .         Spirit   .     (helmet unavailable)
rElec  .         Reflect  .     (cloak unavailable)
rCorr  .         Harm     .     (gloves unavailable)
MR     +....     NoTele   +     (boots unavailable)
Stlth  +++++++...               (no amulet)
                                n - +3 ring of intelligence
                                m - +3 ring of intelligence

@: lethally poisoned (-3 -> -21), repel missiles, quick
A: no armour, no weapons or thrown items, stealth, claws 1, fangs 3, see
invisible, carnivore 3, speed 1, shaggy fur 3, slow metabolism 1, sharp paws
a: Fungal Bloom, Evolution, Sunlight, Growth, Reproduction, Rain, Renounce
Religion


You were in the Dungeon.
You worshipped Fedhas.
Fedhas was exalted by your worship.
You were not hungry.

You visited 1 branch You collected 1929 gold pieces.
You spent 1305 gold pieces at shops.

Inventory:

Jewellery
 b - an uncursed ring of protection from magic
 m - a +3 ring of intelligence (left paw)
 n - a +3 ring of intelligence (right paw)
 y - an uncursed ring of ice
 z - an uncursed ring of fire
 C - an uncursed ring of poison resistance
Wands
 l - a wand of iceblast (1/15)
Scrolls
 h - 2 scrolls of blinking
 j - 4 scrolls of remove curse
 k - 2 scrolls of amnesia
 p - 2 scrolls of fear
 q - 3 scrolls of recharging
 r - a scroll of identify
 B - a scroll of fog
Potions
 a - a potion of might
 c - a potion of invisibility
 d - 2 potions of heal wounds
 e - 2 potions of haste
 f - 4 potions of magic
 g - a potion of berserk rage
 i - 3 potions of curing
 o - 3 potions of brilliance
 A - a potion of resistance
Books
 u - a book of Maledictions

   Spells                             Type                      Level
   a - Corona                         Hexes                        1
   b - Ensorcelled Hibernation        Hexes/Ice                    2
   c - Confuse                        Hexes                        3
   d - Tukima's Dance                 Hexes                        3
   e - Dazzling Spray                 Conjuration/Hexes            3
 v - a book of Minor Magic

   Spells                             Type                      Level
   a - Magic Dart                     Conjuration                  1
   b - Blink                          Translocation                2
   c - Call Imp                       Summoning                    2
   d - Repel Missiles                 Charms/Air                   2
   e - Slow                           Hexes                        2
   f - Conjure Flame                  Conjuration/Fire             3
   g - Mephitic Cloud                 Conjuration/Poison/Air       3
 w - a book of Cantrips

   Spells                             Type                      Level
   a - Confusing Touch                Hexes                        1
   b - Animate Skeleton               Necromancy                   1
   c - Summon Small Mammal            Summoning                    1
   d - Apportation                    Translocation                1
 x - a book of Changes

   Spells                             Type                      Level
   a - Beastly Appendage              Transmutation                1
   b - Sticks to Snakes               Transmutation                2
   c - Spider Form                    Transmutation/Poison         3
   d - Ice Form                       Ice/Transmutation            4
   e - Blade Hands                    Transmutation                5
Comestibles
 s - 40 fruits
 t - 10 meat rations


   Skills:
 + Level 10.1 Fighting
 + Level 19.4 Dodging
 + Level 16.9 Stealth
 + Level 26.2 Unarmed Combat
 + Level 4.1 Spellcasting
 + Level 4.0 Hexes
 + Level 3.7 Charms
 + Level 2.2 Ice Magic
 + Level 3.0 Air Magic
 + Level 3.1 Evocations


You had 11 spell levels left.
You knew the following spells:

 Your Spells              Type           Power        Failure   Level  Hunger
a - Magic Dart            Conj           #...         17%         1    None
b - Blink                 Tloc           N/A          24%         2    ##.....
c - Confusing Touch       Hex            ###...       2%          1    None
d - Repel Missiles        Chrm/Air       ###...       10%         2    ##.....
e - Ensorcelled Hibernat  Hex/Ice        ##....       10%         2    ##.....


Dungeon Overview and Level Annotations

Branches:
Dungeon (1/1)

Altars:
Cheibriados
Dithmenos
Elyvilon
Fedhas
Gozag
Hepliaklqana
Kikubaaqudgha
Makhleb
Nemelex Xobeh
Okawaru
Qazlal
Ru
Sif Muna
Trog
Uskayaw
Vehumet
Xom
Yredelemnul
Zin
The Shining One
Beogh
Jiyva
Lugonu

Shops:
D *:[?

Annotations:
D Aizul


Innate Abilities, Weirdness & Mutations

You cannot wear armour.
You are incapable of wielding weapons or throwing items.
Your paws allow you to move quietly. (Stealth)
You have sharp claws.
You have razor-sharp teeth.
You have supernaturally acute eyesight. (SInv)
You are carnivorous and can eat meat at any time.
You cover ground quickly.
Your thick and shaggy fur keeps you warm. (AC +3, rC+)
You have a slow metabolism.
Your sharp claws are effective at attacking unaware monsters.


Message History

The poison arrow hits you!
You are poisoned.
You wake up.
You feel sick. Aizul casts a spell at you. The bolt of poison hits you!
You are more poisoned.
You feel better.
Casting: Confusing Touch
Confirm with . or Enter, or press ? or * to list all spells.
You blink.
Casting: Blink
Confirm with . or Enter, or press ? or * to list all spells.
You blink.
Aizul coils herself and waves her upper body at you.
The bolt of poison hits you!
You are poisoned.
Ouch! That really hurt!
You die...
Fedhas appreciates your contribution to the ecosystem.

...........................)...†)
▓▓▓▓▓♣♣♣♣♣♣♣♣♣♣▓▓▓▓▓▓▓▓▓▓▓▓▓▓▓▓▓▓
.....'.......).'.....).).'....)..
▓▓▓▓▓♣♣♣♣♣♣♣♣♣♣▓▓▓▓▓▓▓▓▓▓▓▓▓▓▓▓▓▓
.......).............).(.........
▓▓▓▓▓▓▓▓▓▓▓▓▓▓▓▓▓▓▓▓▓▓▓▓▓▓▓▓▓▓▓▓▓
))).[[[[[)[[(.()..)?..'(....(.)..
▓▓▓▓▓▓▓▓▓▓▓▓▓▓▓▓▓▓▓▓▓▓▓▓▓▓▓▓▓▓▓▓▓
.....)......§.S.@.............).(
▓▓▓▓▓▓▓▓▓▓▓▓▓▓▓▓▓▓▓▓▓▓▓▓▓▓▓▓▓▓▓▓▓
.).....')..[[)....).'.....∩.∩.∩.∩
▓▓▓▓▓▓▓▓▓▓▓▓▓▓▓▓▓▓▓▓▓▓▓▓▓▓▓▓▓▓▓▓▓
.))....).).......................
▓▓▓▓▓▓▓▓▓▓▓▓▓▓▓▓▓▓▓▓▓▓▓▓▓▓▓▓▓▓▓▓▓
.'...).....'........)'...........
▓▓▓▓▓▓▓▓▓▓▓▓▓▓▓▓▓▓▓▓▓▓▓▓▓▓▓▓▓▓▓▓▓
.................................


You could see Aizul.

Vanquished Creatures
  A nagaraja (D)
  3 stone giants (D)
  An entropy weaver (D)
  Nessos (D)
  A dire elephant (D)
  2 merfolk impalers (D)
  Josephine (D)
  A fire dragon (D)
  Erolcha (D)
  A hydra (D)
  2 merfolk avatars (D)
  A centaur warrior (D)
  An alligator (D)
  4 ogre magi (D)
  An orc high priest (D)
  2 shock serpents (D)
  A skeletal warrior (D)
  3 deep trolls (D)
  A wizard (D)
  4 orc knights (D)
  2 hill giants (D)
  An orb spider (D)
  A mana viper (D)
  An orc sorcerer (D)
  A wolf spider (D)
  7 elephants (D)
  Maurice (D)
  A guardian serpent (D)
  2 black mambas (D)
  A gargoyle (D)
  Psyche (D)
  Joseph (D)
  4 spiny frogs (D)
  A komodo dragon (D)
  A yaktaur (D)
  A demonic crawler (D)
  2 jumping spiders (D)
  2 merfolk (D)
  4 trolls (D)
  A slime creature (D)
  A hornet (D)
  A blink frog (D)
  2 snapping turtles (D)
  6 hippogriffs (D)
  3 wraiths (D)
  2 redbacks (D)
  A yak (D)
  2 wyverns (D)
  A tarantella (D)
  A soldier ant (shapeshifter) (D)
  2 nagas (D)
  3 water moccasins (D)
  13 orc warriors (D)
  2 black bears (D)
  A wolf (D)
  An ogre (D)
  A centaur (D)
  5 bullfrogs (D)
  2 wights (D)
  3 orc priests (D)
  A hound (D)
  2 orc wizards (D)
  An iguana (D)
  A worker ant (D)
  3 adder zombies (D)
  An adder skeleton (D)
  A leopard gecko (D)
  3 orcs (D)
  A giant cockroach (D)
  A kobold (D)
  A bat (D)
  A rat (D)
139 creatures vanquished.

Vanquished Creatures (others)
  2 thorn hunters (D)
  A hydra (D)
  An alligator (D)
  A tyrant leech (D)
  A vampire mosquito (D)
  An insubstantial wisp (D)
7 creatures vanquished.

Grand Total: 146 creatures vanquished

Notes
Turn   | Place    | Note
-------+----------+-------------------------------------------
     0 | D        | equalderp2856 the Felid Fighter began the quest for the Orb.
     0 | D        | Reached XP level 1. HP: 10/10 MP: 2/2
   240 | D        | Noticed an iguana
   240 | D        | Noticed a centaur
   248 | D        | Reached skill level 5 in Unarmed Combat
   248 | D        | Reached XP level 2. HP: 6/14 MP: 3/3
   278 | D        | Reached skill level 5 in Dodging
   278 | D        | Reached skill level 6 in Unarmed Combat
   278 | D        | Reached XP level 3. HP: 18/18 MP: 4/4
   287 | D        | Killed a centaur
   287 | D        | Reached skill level 5 in Fighting
   287 | D        | Reached skill level 8 in Unarmed Combat
   287 | D        | Reached XP level 4. HP: 8/23 MP: 5/5
   499 | D        | Found a roughly hewn altar of Beogh.
   499 | D        | Found a snail-covered altar of Cheibriados.
   499 | D        | Found a shadowy altar of Dithmenos.
   499 | D        | Found a white marble altar of Elyvilon.
   499 | D        | Found a blossoming altar of Fedhas.
   499 | D        | Found an opulent altar of Gozag.
   500 | D        | Found a hazy altar of Hepliaklqana.
   501 | D        | Found a viscous altar of Jiyva.
   502 | D        | Found an ancient bone altar of Kikubaaqudgha.
   503 | D        | Found a corrupted altar of Lugonu.
   504 | D        | Found a burning altar of Makhleb.
   505 | D        | Found a sparkling altar of Nemelex Xobeh.
   506 | D        | Found an iron altar of Okawaru.
   507 | D        | Found a stormy altar of Qazlal.
   508 | D        | Found a sacrificial altar of Ru.
   509 | D        | Found a deep blue altar of Sif Muna.
   510 | D        | Found a bloodstained altar of Trog.
   511 | D        | Found a hide-covered altar of Uskayaw.
   512 | D        | Found a radiant altar of Vehumet.
   517 | D        | Found a shimmering altar of Xom.
   518 | D        | Found a basalt altar of Yredelemnul.
   519 | D        | Found a glowing silver altar of Zin.
   520 | D        | Found a glowing golden altar of the Shining One.
   536 | D        | Became a worshipper of Fedhas Madash
   574 | D        | Noticed a bullfrog
   574 | D        | Noticed a hippogriff
   574 | D        | Noticed an orc warrior
   574 | D        | Noticed a hornet
   574 | D        | Noticed an ogre
   579 | D        | Reached skill level 1 in Stealth
   579 | D        | Reached XP level 5. HP: 26/26 MP: 6/6
   584 | D        | Reached skill level 9 in Unarmed Combat
   650 | D        | Killed a hippogriff
   650 | D        | Reached skill level 11 in Unarmed Combat
   650 | D        | Gained mutation: You are covered in thick fur. (AC +2) [Felid growth]
   650 | D        | Reached XP level 6. HP: 26/31 MP: 7/7
   654 | D        | Killed an orc warrior
   654 | D        | Reached skill level 10 in Dodging
   688 | D        | Slain by a hornet
   689 | D        | Reached XP level 5. HP: -1/28 MP: 6/6
   720 | D        | Noticed a black bear
   720 | D        | Noticed a skeletal warrior
   720 | D        | Noticed a centaur warrior
   734 | D        | Killed a centaur warrior
   734 | D        | Reached skill level 13 in Unarmed Combat
   734 | D        | Reached XP level 6. HP: 17/33 MP: 7/7
   734 | D        | Reached XP level 7. HP: 18/36 MP: 8/8
   919 | D        | Noticed a spiny frog
   919 | D        | Noticed a hippogriff
   919 | D        | Noticed a wyvern
   920 | D        | Killed a spiny frog
   920 | D        | Reached skill level 5 in Stealth
   920 | D        | Reached skill level 14 in Unarmed Combat
   920 | D        | Reached XP level 8. HP: 40/40 MP: 9/9
   921 | D        | Noticed a spiny frog
   922 | D        | Noticed a komodo dragon
   925 | D        | Killed a hippogriff
   928 | D        | Killed a thorn hunter
   930 | D        | Killed an eight-headed hydra
   934 | D        | Reached * piety under Fedhas
   937 | D        | Killed a tyrant leech
   941 | D        | Reached skill level 15 in Unarmed Combat
   945 | D        | Killed an alligator
   948 | D        | Killed a spiny frog
   948 | D        | Killed a thorn hunter
   955 | D        | Reached XP level 9. HP: 32/44 MP: 10/10
   964 | D        | Killed a komodo dragon
   967 | D        | Reached skill level 16 in Unarmed Combat
  1077 | D        | Noticed a spiny frog
  1077 | D        | Noticed a spiny frog
  1094 | D        | Killed a spiny frog
  1162 | D        | Reached ** piety under Fedhas
  1182 | D        | Reached *** piety under Fedhas
  1182 | D        | Reached **** piety under Fedhas
  1325 | D        | Killed a spiny frog
  1331 | D        | Reached skill level 17 in Unarmed Combat
  1351 | D        | Reached skill level 15 in Dodging
  1359 | D        | Reached XP level 10. HP: 40/48 MP: 11/11
  1474 | D        | Noticed an elephant
  1474 | D        | Noticed an elephant
  1474 | D        | Noticed an elephant
  1474 | D        | Noticed an elephant
  1474 | D        | Noticed an elephant
  1474 | D        | Noticed an elephant
  1475 | D        | Noticed a dire elephant
  1484 | D        | Killed an elephant
  1493 | D        | Killed an elephant
  1565 | D        | Reached ***** piety under Fedhas
  1611 | D        | Killed a skeletal warrior
  1611 | D        | Reached skill level 18 in Unarmed Combat
  2191 | D        | Killed an elephant
  2197 | D        | Killed an elephant
  2197 | D        | Reached skill level 19 in Unarmed Combat
  2204 | D        | Noticed an elephant
  2767 | D        | Killed an elephant
  2772 | D        | Killed an elephant
  3438 | D        | Killed an elephant
  3734 | D        | Killed a dire elephant
  3734 | D        | Reached skill level 20 in Unarmed Combat
  3734 | D        | Reached XP level 11. HP: 11/52 MP: 12/12
  3942 | D        | Reached ****** piety under Fedhas
  4094 | D        | Noticed Josephine
  4101 | D        | Reached skill level 1 in Evocations
  4111 | D        | Killed Josephine
  4732 | D        | Noticed an orc knight
  5129 | D        | Killed an orc knight
  5254 | D        | Noticed an orc high priest
  5366 | D        | Killed an orc high priest
  5366 | D        | Reached skill level 21 in Unarmed Combat
  5473 | D        | Noticed an orc knight
  5474 | D        | Noticed an orc knight
  5658 | D        | Killed an orc knight
  5875 | D        | Killed an orc knight
  5910 | D        | Noticed an orc knight
  5920 | D        | Killed an orc knight
  5920 | D        | Reached skill level 10 in Stealth
  6171 | D        | Noticed an orc sorcerer
  6183 | D        | Killed an orc sorcerer
  6243 | D        | Found Limef's General Store.
  6243 | D        | Noticed a deep troll
  6243 | D        | Noticed a deep troll
  6243 | D        | Noticed an ogre mage
  6243 | D        | Noticed an ogre mage
  6244 | D        | Noticed a deep troll
  6248 | D        | Reached skill level 22 in Unarmed Combat
  6249 | D        | Noticed a hill giant
  6251 | D        | HP: 2/53 [ogre mage/crystal spear (51)]
  6251 | D        | Slain by a deep troll
  6252 | D        | Reached XP level 10. HP: -4/49 MP: 13/13
  6450 | D        | Killed an ogre mage
  6457 | D        | Killed a deep troll
  6457 | D        | Reached XP level 11. HP: 46/53 MP: 14/14
  6470 | D        | Killed a deep troll
  6476 | D        | Killed an ogre mage
  6478 | D        | Killed a deep troll
  6585 | D        | Killed a hill giant
  6591 | D        | Reached skill level 23 in Unarmed Combat
  6594 | D        | Found Sefetuiw's Book Shoppe.
  6598 | D        | Found Ozaywkek's Antique Armour Emporium.
  6602 | D        | Found Nenoeg's Magic Scroll Shoppe.
  6604 | D        | Noticed a hill giant
  6606 | D        | Noticed an ogre mage
  6608 | D        | Noticed an ogre mage
  6788 | D        | Killed a hill giant
  6826 | D        | Killed an ogre mage
  6953 | D        | Killed an ogre mage
  7005 | D        | Bought a book of Maledictions for 350 gold pieces
  7005 | D        | Bought a book of Minor Magic for 280 gold pieces
  7005 | D        | Bought a book of Cantrips for 280 gold pieces
  7005 | D        | Bought a book of Changes for 350 gold pieces
  7019 | D        | Bought a scroll of magic mapping for 45 gold pieces
  7026 | D        | Learned a level 1 spell: Magic Dart
  7029 | D        | Learned a level 2 spell: Blink
  7031 | D        | Learned a level 1 spell: Confusing Touch
  7034 | D        | Learned a level 2 spell: Repel Missiles
  7037 | D        | Learned a level 2 spell: Ensorcelled Hibernation
  7060 | D        | Noticed Joseph
  7070 | D        | Killed Joseph
  7134 | D        | Noticed Psyche
  7141 | D        | Killed Psyche
  7142 | D        | Noticed Maurice
  7149 | D        | Killed Maurice
  7230 | D        | Noticed a four-headed hydra
  7348 | D        | Killed a four-headed hydra
  7348 | D        | Reached skill level 24 in Unarmed Combat
  7395 | D        | Noticed a stone giant
  7435 | D        | Killed a stone giant
  7435 | D        | Gained mutation: Your thick and shaggy fur keeps you warm. (AC +3, rC+) [Felid growth]
  7435 | D        | Reached XP level 12. HP: 57/57 MP: 15/15
  7515 | D        | Noticed a stone giant
  7516 | D        | Noticed a stone giant
  7600 | D        | Killed a stone giant
  7600 | D        | Reached skill level 1 in Charms
  7600 | D        | Reached skill level 1 in Air Magic
  7611 | D        | Noticed a fire dragon
  7616 | D        | Killed a stone giant
  7616 | D        | Reached skill level 1 in Spellcasting
  7624 | D        | Killed a fire dragon
  7720 | D        | Noticed Nessos
  7733 | D        | Killed Nessos
  7741 | D        | Noticed Erolcha
  7748 | D        | Killed Erolcha
  7762 | D        | Noticed Aizul
  7775 | D        | Mangled by Aizul
  7776 | D        | Reached XP level 11. HP: -11/54 MP: 14/14
  7862 | D        | Noticed an entropy weaver
  7863 | D        | Noticed a wolf spider
  7864 | D        | Reached skill level 15 in Stealth
  7864 | D        | Reached skill level 25 in Unarmed Combat
  7865 | D        | Noticed an orb spider
  8028 | D        | Killed an entropy weaver
  8228 | D        | Killed an orb spider
  8252 | D        | Killed a wolf spider
  8357 | D        | Noticed a merfolk impaler
  8357 | D        | Noticed a merfolk avatar
  8357 | D        | Noticed a merfolk avatar
  8359 | D        | Killed a merfolk avatar
  8360 | D        | Noticed a merfolk impaler
  8361 | D        | Killed a merfolk avatar
  8361 | D        | Reached XP level 12. HP: 58/58 MP: 15/17
  8368 | D        | Killed a merfolk impaler
  9082 | D        | Killed a merfolk impaler
  9082 | D        | Reached skill level 1 in Hexes
  9184 | D        | Noticed an alligator
  9197 | D        | Killed an alligator
  9197 | D        | Reached skill level 10 in Fighting
  9512 | D        | Reached skill level 26 in Unarmed Combat
  9512 | D        | Reached skill level 1 in Ice Magic
 10019 | D        | Noticed a nagaraja
 10034 | D        | Killed a nagaraja
 10508 | D        | Killed from afar by Aizul

Skill      XL: |  1  2  3  4  5  6  7  8  9 10 11 12 |
---------------+-------------------------------------+-----
Unarmed Combat | 5 6 8 13 14 15 17 20 25 26 | 26.2
Fighting       | 4 5 7 8 9 10 | 10.1
Dodging        | 5 7 11 10 12 13 15 16 18 19 | 19.4
Stealth        | 1 4 3 5 6 8 9 15 16 | 16.9
Evocations     | 3 |  3.1
Charms         | 3 |  3.7
Air Magic      | 2 3 |  3.0
Spellcasting   | 2 4 |  4.1
Hexes          | 4 |  4.0
Ice Magic      | 2 |  2.2

Action                   |  1- 3 |  4- 6 |  7- 9 | 10-12 || total
-------------------------+-------+-------+-------+-------++-------
Melee: Unarmed           |    52 |    46 |    99 |   530 ||   727
       Bite              |     3 |     7 |     6 |    67 ||    83
       Punch             |       |     3 |     8 |    55 ||    66
 Cast: Confusing Touch   |       |       |       |     3 ||     3
       Repel Missiles    |       |       |       |     2 ||     2
       Ensorcelled Hiber |       |       |       |     7 ||     7
       Blink             |       |       |       |     2 ||     2
Evoke: Wand              |       |       |       |     6 ||     6
  Use: Potion            |     2 |     3 |       |     8 ||    13
       Scroll            |       |       |       |     1 ||     1
 Stab: Distracted        |       |       |     2 |     8 ||    10
       Sleeping          |       |       |       |     9 ||     9
       Confused          |       |       |       |     4 ||     4
  Eat: Meat ration       |       |       |       |     3 ||     3
Armor: Skin              |     1 |     1 |     1 |     3 ||     6
Dodge: Dodged            |    39 |    65 |    87 |   353 ||   544
       Deflected         |       |       |       |     3 ||     3
